 Dungeon Crawl Stone Soup version 0.28-a0-773-g130ae17fe5 (webtiles) character file.

Game seed: 11929504674203724567

38 ders the Chiller (level 3, -6/25 HPs)
             Began as a Demonspawn Ice Elementalist on Nov 1, 2021.
             Splashed by a jelly's acid (7 damage)
             ... on level 2 of the Dungeon.
             The game lasted 00:04:57 (2030 turns).

ders the Chiller (Demonspawn Ice Elementalist)      Turns: 2030, Time: 00:04:58

Health: -6/25      AC:  4    Str:  9    XL:     3   Next: 25%
Magic:  3/6        EV: 12    Int: 16    God:
Gold:   66         SH:  0    Dex: 13    Spells: 3/7 levels left

rFire   . . .      SeeInvis .   e - +0 club
rCold   . . .      Faith    .   (no shield)
rNeg    . . .      Spirit   .   a - +0 robe
rPois   .          Reflect  .   (no helmet)
rElec   .          Harm     .   (no cloak)
rCorr   .          Rampage  .   (no gloves)
Will    .....                   (no boots)
Stlth   ++........              (no amulet)
HPRegen 0.08/turn               (no ring)
MPRegen 0.10/turn               (no ring)

@: corroded, sanguine armoured, freezing walls
A: sanguine armour 1
a: no special abilities


You were on level 2 of the Dungeon.
You visited 1 branch of the dungeon, and saw 2 of its levels.

You collected 66 gold pieces.

Inventory:

Hand Weapons
 e - a +0 club (weapon)
Armour
 a - a +0 robe (worn)
Scrolls
 c - 4 scrolls of identify {unknown}
 d - 2 scrolls of magic mapping {unknown}
 f - a scroll of fear {unknown}
Potions
 b - 2 potions of haste {unknown}
 g - a potion of berserk rage {unknown}
 h - a potion of might {unknown}


   Skills:
 + Level 0.9 Fighting
 - Level 1.8 Dodging
 + Level 2.2 Stealth
 * Level 2.5 Spellcasting
 + Level 4.0 Ice Magic


You had 3 spell levels left.
You knew the following spells:

 Your Spells              Type           Power      Damage    Failure   Level
a - Freeze                Ice            56%        1d7       3%          1
b - Frozen Ramparts       Ice            28%        1d4       12%         3

Your spell library contained the following spells:

 Spells                   Type           Power      Damage    Failure   Level
 Ozocubu's Armour         Ice            14%        N/A       12%         3
 Hailstorm                Conj/Ice       8%         3d4       65%         4


Dungeon Overview and Level Annotations

Branches:
Dungeon (2/15)

Altars:


Innate Abilities, Weirdness & Mutations

When seriously injured, your bleeding wounds create armour. (AC +6)


Message History

The worm bites you but does no damage.
Casting: Freeze (safe; 3% risk of failure)
Confirm with . or Enter, or press ? or * to list all spells.
Aiming: Freeze (safe; 3% risk of failure)
Press: ? - help, Shift-Dir - straight line, f/p - worm
Aim: a worm (almost dead)
You freeze the worm.
You kill the worm!
You start resting.
Your magical contamination has completely faded away.
You start resting.
HP restored.
You start resting.
Magic restored.
A jelly comes into view.
A jelly is nearby!
The jelly quivers.
The jelly hits you.
You are splashed with acid.
The jelly hits you. The acid corrodes you!
You are splashed with acid!
Your blood congeals into armour.
Casting: Freeze (safe; 3% risk of failure)
Confirm with . or Enter, or press ? or * to list all spells.
The spell is quite dangerous to cast (12% risk of failure)!
Continue anyway?
Okay, then.
Casting: Frozen Ramparts (quite dangerous; 12% risk of failure)
Confirm with . or Enter, or press ? or * to list all spells.
The spell is quite dangerous to cast (12% risk of failure)!
Continue anyway?
Casting: Frozen Ramparts (quite dangerous; 12% risk of failure)
Press: ? - help, Dir - look around, f - activate The walls around you are covered in ice.
The wall freezes the jelly.
The jelly barely misses you.
Your frozen ramparts will break if you move.
Continue?
Okay, then.
You hit the jelly.
Your hands burn!
* * * LOW HITPOINT WARNING * * *
The jelly is heavily wounded.
The wall freezes the jelly.
The jelly hits you.
* * * LOW HITPOINT WARNING * * *
You are splashed with acid!
You die...

#.#
######..........#
#.#
#.....(.######.>.
##.# #.$.....#
#... #..#
#.......#####....
#.##
#................
#)# #.......###
##... #.#
#...#.....# #...
#.####..###..#.#
#... #....@J##
#....# #######.#
..... ..# #...#
.#.. #.## .##..
.# .# ..# .# .#
.# #


You could see a jelly.

Vanquished Creatures
  A worm (D:2)
  2 dart slugs
  A ball python (D:2)
  2 bats (D:1)
  An endoplasm (D:1)
  3 hobgoblins
  2 jackals (D:1)
  2 quokkas (D:1)
  4 frilled lizards
  4 goblins
  3 kobolds
  4 rats (D:2)
29 creatures vanquished.

Notes
Turn   | Place    | Note
-------+----------+-------------------------------------------
     0 | D:1      | ders the Demonspawn Ice Elementalist began the quest for
                  | the Orb.
     0 | D:1      | Reached XP level 1. HP: 13/13 MP: 3/3
   540 | D:1      | Gained mutation: When seriously injured, your bleeding
                  | wounds create armour. (AC +6) [demonic ancestry]
   540 | D:1      | Reached XP level 2. HP: 14/19 MP: 1/5
  1565 | D:2      | Reached XP level 3. HP: 25/25 MP: 4/6
  1780 | D:2      | Learned a level 3 spell: Frozen Ramparts
  1928 | D:2      | Reached skill level 4 in Ice Magic
  2030 | D:2      | HP: 1/25 [jelly (2)]
  2030 | D:2      | Splashed by a jelly's acid

Illustrated notes

Levels and vault maps discovered:
D:1:      eino_arrival_cavern_e, layout_basic
D:2:      layout_loops_ring, serial_shops, shop, kennysheep_another_room

Skill      XL: |  1  2  3 |
---------------+----------+-----
Stealth        | 2 |  2.2
Ice Magic      | 4 |  4.0
Fighting       | |  0.9
Dodging        | |  1.8
Spellcasting   | |  2.5

Action                   || total
-------------------------++-------
Melee: Club              ||    39
 Cast: Freeze            ||    38
       Frozen Ramparts   ||     1
 Stab: Sleeping          ||     1
Armor: Robe              ||    10
Dodge: Dodged            ||    43

Table legend: (Time is in decaauts)
 A = Elapsed time spent in this place.
 B = Non-inter-level travel time spent in this place.
 C = Inter-level travel time spent in this place.
 D = Time resting spent in this place.
 E = Time spent auto-exploring this place.
 F = Levels seen in this place.
 G = Mean time per level.
                   A        B        C        D        E       F      G
               +--------+--------+--------+--------+--------+-----+--------+
         Total |   2040 |   2018 |     22 |    916 |    811 |   2 | 1020.0 |
       Dungeon |   2040 |   2018 |     22 |    916 |    811 |   2 | 1020.0 |
               +--------+--------+--------+--------+--------+-----+--------+

Top non-repeatable levels by time:
     D:1: 1022 daAuts
     D:2: 1018 daAuts
